 Dungeon Crawl Stone Soup version 0.31.0-32-g396128a36d (webtiles) character file.

Game seed: 18431965169279173301

46 spaghetti the Caller (level 3, 0/28 HPs)
             Began as a Naga Summoner on Mar 9, 2024.
             Slain by a ball python (3 damage)
             ... on level 2 of the Dungeon.
             The game lasted 00:02:50 (1665 turns).

spaghetti the Caller (Naga Summoner)                Turns: 1665, Time: 00:02:50

Health: 0/28       AC:  2    Str: 10    XL:     3   Next: 68%
Magic:  0/7        EV:  9    Int: 17    God:
Gold:   43         SH:  0    Dex: 11    Spells: 1/7 levels left

rFire   . . .        f - +0 dagger (venom)
rCold   . . .        (no shield)
rNeg    . . .        a - +0 robe
rPois   +            (no helmet)
rElec   .            (no cloak)
rCorr   .            (no gloves)
SInv    +            (no barding)
Will    .....        (no amulet)
Stlth   ++           (no ring)
HPRegen 0.24/turn    (no ring)
MPRegen 0.10/turn

%: no passive effects
@: very slightly contaminated, very slow
A: AC +1, large, see invisible, deformed body, poison resistance, slowness 2,
spit poison 1, naga tail 1
a: Spit Poison


You were on level 2 of the Dungeon.
You visited 1 branch of the dungeon, and saw 2 of its levels.

You collected 43 gold pieces.

Inventory:

Hand Weapons
 b - a +0 short sword
 e - a +0 dagger of pain
 f - a +0 dagger of venom (weapon)
Armour
 a - a +0 robe (worn)
Scrolls
 c - 3 scrolls of identify {unknown}
Potions
 d - a potion of magic


   Skills:
 - Level 1.5 Dodging
 - Level 3.0 Stealth
 + Level 2.9 Spellcasting
 + Level 4.6 Summonings


You had one spell level left.
You knew the following spells:

 Your Spells              Type           Power      Damage    Failure   Level
a - Summon Small Mammal   Summ           72%        N/A       2%          1
b - Call Imp              Summ           36%        N/A       3%          2
c - Call Canine Familiar  Summ           18%        N/A       8%          3

Your spell library contained the following spells:

 Spells                   Type           Power      Damage    Failure   Level
 Cigotuvi's Dreadful Rot  Necr/Alch/Air  4%         N/A       26%         2
 Fugue of the Fallen      Necr           2%         N/A       47%         3
 Gell's Gravitas          Tloc           2%         N/A       47%         3
 Teleport Other           Tloc           2%         N/A       47%         3
 Vampiric Draining        Necr           2%         2d6       47%         3
 Summon Blazeheart Golem  Fire/Summ      10%        N/A       54%         4
 Summon Lightning Spire   Summ/Air       10%        N/A       54%         4
 Dispersal                Tloc           1%         N/A       100%        6


Dungeon Overview and Level Annotations

Branches:
Dungeon (2/15)

Altars:


Innate Abilities, Weirdness & Mutations

Your serpentine skin is tough. (AC +1)
You have supernaturally acute eyesight. (SInv)
Armour fits poorly on your strangely shaped body.
Your system is resistant to poisons. (rPois)
You cover ground very slowly.
You can spit poison.
You have a snake-like lower body.


Message History

You hit the orc.
The orc is moderately wounded.
Your bat hits the endoplasm. The ball python bites you.
The orc closely misses you. The endoplasm freezes you.
You are frozen.
Your rat barely misses the orc.
Your cerulean imp barely misses the orc.
You hit the orc but do no damage.
The orc is moderately wounded.
Your bat hits the endoplasm but does no damage.
The ball python bites you. The orc hits you with a +0 club.
The endoplasm freezes you.
You are frozen.
* * * LOW HITPOINT WARNING * * *
Your cerulean imp barely misses the orc.
Your rat bites the orc.
Your bat hits the endoplasm. The ball python bites you.
* * * LOW HITPOINT WARNING * * *
Unknown command.
Your bat hits the orc but does no damage.
The endoplasm freezes you.
You are frozen.
* * * LOW HITPOINT WARNING * * *
Your rat bites the endoplasm but does no damage.
Your cerulean imp hits the orc with a -3 spear.
The orc dies!
Unknown command.
Unknown command.
Okay, then.
Okay, then.
Found a plate armour.
Your bat hits the endoplasm. The endoplasm freezes your rat.
Your rat is frozen.
Your rat dies!
Your rat's corpse disappears in a puff of smoke!
The ball python attacks as it pursues you!
The ball python closely misses you.
Your cerulean imp hits the endoplasm with a -3 spear.
The endoplasm dies!
The ball python bites you.
You die...

#.?.... #.....#[
#...... #..>..#
###$....#
##.......#####.#
##.....5b§......#
.......).<#
#.....@S!#
##.......#
#########


You could see a ball python (ally target), a friendly cerulean imp (summoned)
and a friendly bat (summoned).

Vanquished Creatures
  2 endoplasms (D:1)
  A giant cockroach (D:1)
  A goblin (D:1)
  A hobgoblin (D:1)
  4 jackals (D:1)
  2 ball pythons (D:1)
  A frilled lizard (D:1)
  4 kobolds (D:1)
16 creatures vanquished.

Vanquished Creatures (collateral kills)
  A dart slug (D:1)
  An orc (D:2)
  3 ball pythons (D:1)
  A bat (D:1)
  3 endoplasms
  2 goblins (D:1)
  A hobgoblin (D:1)
  7 jackals (D:1)
  A kobold (D:1)
  A rat (D:1)
21 creatures vanquished.

Grand Total: 37 creatures vanquished

Notes
Turn   | Place    | Note
-------+----------+-------------------------------------------
     0 | D:1      | spaghetti the Naga Summoner began the quest for the Orb.
     0 | D:1      | Reached XP level 1. HP: 15/15 MP: 3/3
   213 | D:1      | Reached XP level 2. HP: 16/22 MP: 1/5
   216 | D:1      | Learned a level 2 spell: Call Imp
   645 | D:1      | Reached XP level 3. HP: 26/28 MP: 1/6
   810 | D:1      | Got the Guidebook on Abhorrent Rites
   870 | D:1      | Learned a level 3 spell: Call Canine Familiar
  1665 | D:2      | Slain by a ball python

Illustrated notes

Levels and vault maps discovered:
D:1:      dpeg_arrival_windows_large_door, layout_basic, minmay_misc_feat_five
D:2:      layout_loops_cross, serial_bayou_pond_b

Action                     || total
---------------------------++-------
  Melee: Unarmed           ||    13
         Short sword       ||    31
         Punch             ||     1
         Dagger            ||    15
   Cast: Summon Small Mamm ||    30
         Call Imp          ||    13
         Call Canine Famil ||     5
Ability: Spit Poison       ||     9
    Use: Potion            ||     1
   Stab: Sleeping          ||     1
 Armour: Robe              ||    55
  Dodge: Dodged            ||    52
